 Dungeon Crawl Stone Soup version 0.30-a0-691-g754fce4c43 (webtiles) character file.

Game seed: 1914325815289504895

357649 wormed the Cryomancer (level 21, -1/168 HPs)
             Began as a Demonspawn Summoner on Jan 20, 2023.
             Was the Champion of Vehumet.
             Shot with an arrow by a deep elf master archer (18 damage)
             ... on level 3 of the Elven Halls.
             The game lasted 02:35:07 (52372 turns).

wormed the Cryomancer (Demonspawn Summoner)        Turns: 52372, Time: 02:35:08

Health: -1/168     AC: 12    Str:  8    XL:     21   Next: 42%
Magic:  18/36      EV: 21    Int: 35    God:    Vehumet [******]
Gold:   4646       SH: 10    Dex: 16    Spells: 10/43 levels left

rFire   + . .      SeeInvis .    n - staff of cold
rCold   + + .      Faith    .    w - +5 buckler of Fedhas's Respect {Int+3}
rNeg    . . .      Spirit   .    l - +4 troll leather armour
rPois   +          Reflect  .    C - +0 hat "Seaseph" {*Corrode Int+8}
rElec   .          Harm     .    W - scarf {rC+ rF+}
rCorr   .          Rampage  .    (gloves unavailable)
Will    +....                    (no boots)
Stlth   ++                       K - amulet of magic regeneration
HPRegen 1.28/turn                v - ring of wizardry
MPRegen 0.65/turn                o - ring of flight

@: agile, in a vortex, flying
A: slimy green scales 3, powered by pain 1, robust 1, spiny 3, demonic touch 3,
dopey 1, noise suppression
}: 2/15 runes: decaying, gossamer
a: Renounce Religion


You were on level 3 of the Elven Halls.
You worshipped Vehumet.
Vehumet was exalted by your worship.
You visited 8 branches of the dungeon, and saw 38 of its levels.
You visited the Abyss 1 time.

You collected 5713 gold pieces.
You spent 1067 gold pieces at shops.

Inventory:

Missiles
 E - a throwing net
Armour
 l - a +4 troll leather armour (worn)
 w - the +5 buckler of Fedhas's Respect (worn) {Int+3}
   (You acquired it on level 3 of the Vaults)

   Int:       It affects your intelligence (+3).
 C - the +0 hat "Seaseph" (worn) {*Corrode Int+8}
   (You found it on level 4 of the Spider Nest)

   Int:       It affects your intelligence (+8).
   *Corrode:  It may corrode you when you take damage.
 W - a scarf of resistance (worn)
Magical Staves
 n - a staff of cold (weapon)
 B - a staff of air
Jewellery
 k - a ring of willpower
 o - a ring of flight (right hand)
 p - a ring of protection from cold
 v - a ring of wizardry (left hand)
 I - a ring of see invisible
 J - the amulet of Linearity {Regen+ Stlth+}
   (You found it on level 3 of the Elven Halls)

   [amulet of regeneration]

   Regen:     It increases your rate of health regeneration.
   Stlth:     It makes you more stealthy.
 K - an amulet of magic regeneration (around neck)
 L - a +5 ring of evasion
 N - a ring of resist corrosion
 P - an amulet of reflection
 S - the ring of Shadows {Umbra +Inv Stlth+}
   (You found it on level 1 of the Vaults)

   [ring of stealth]

   Umbra:     It surrounds you with an aura of shadow, increasing your stealth
   and reducing the accuracy of all others within it.
   +Inv:      It lets you turn invisible.
   Stlth:     It makes you more stealthy.
 V - an amulet of the acrobat
Wands
 b - a wand of charming (27) (quivered)
 c - a wand of roots (56)
 u - a wand of flame (45)
 F - a wand of digging (11)
 O - a wand of light (6)
Scrolls
 a - 5 scrolls of enchant weapon
 d - 3 scrolls of fear
 f - 2 scrolls of enchant armour
 h - 10 scrolls of immolation
 q - 3 scrolls of teleportation
 s - 6 scrolls of silence
 x - a scroll of brand weapon
 y - 5 scrolls of fog
 D - 2 scrolls of poison
 H - 4 scrolls of magic mapping
 U - 2 scrolls of blinking
Potions
 e - 7 potions of lignification
 g - 6 potions of curing
 i - 8 potions of attraction
 j - 9 potions of haste
 m - 2 potions of brilliance
 r - 6 potions of might
 t - 4 potions of resistance
 z - 2 potions of flight
 A - 6 potions of mutation
 G - a potion of invisibility
 M - 5 potions of ambrosia
 R - 2 potions of berserk rage
 T - 5 potions of heal wounds


   Skills:
 - Level 10.0 Fighting
 - Level 12.0 Staves
 - Level 10.0 Dodging
 - Level 1.7 Stealth
 - Level 5.0 Shields
 + Level 11.9 Spellcasting
 - Level 10.0 Conjurations
 - Level 5.0 Hexes
 - Level 10.0 Summonings
 + Level 8.9 Necromancy
 + Level 7.4 Transmutations
 - Level 21.0 Ice Magic
 - Level 10.0 Air Magic
 - Level 12.0 Evocations


You had 10 spell levels left.
You knew the following spells:

 Your Spells              Type           Power      Damage    Failure   Level
a - Ozocubu's Armour      Ice            100%       N/A       0%          3
b - Freezing Cloud        Conj/Ice/Air   54%        6-21      1%          5
c - Ozocubu's Refrigerat  Ice            64%        4d21      1%          7
d - Polar Vortex          Ice            64%        N/A       8%          9
i - Irradiate             Conj/Tmut      34%        3d23      1%          5
s - Summon Lightning Spi  Summ/Air       74%        N/A       1%          4

Your spell library contained the following spells:

 Spells                   Type           Power      Damage    Failure   Level
 Ignition                 Fire           10%        3d5       100%        8
 Shatter                  Erth           10%        3d11*     100%        9
 Frozen Ramparts          Ice            100%       1d16      0%          3
 Hailstorm                Conj/Ice       100%       3d20      0%          3
 Apportation              Tloc           40%        N/A       1%          1
 Beastly Appendage        Tmut           100%       N/A       1%          1
 Kiss of Death            Conj/Necr      100%       2d13      1%          1
 Necrotise                Necr           100%       1d9       1%          1
 Shock                    Conj/Air       100%       1d9       1%          1
 Slow                     Hex            100%       N/A       1%          1
 Sting                    Tmut/Pois      100%       1d8       1%          1
 Summon Small Mammal      Summ           100%       N/A       1%          1
 Call Imp                 Summ           74%        N/A       1%          2
 Poisonous Vapours        Pois/Air       100%       N/A       1%          2
 Sublimation of Blood     Necr           70%        N/A       1%          2
 Wereblood                Tmut           64%        N/A       1%          2
 Call Canine Familiar     Summ           74%        N/A       1%          3
 Confusing Touch          Hex            54%        N/A       1%          3
 Dazzling Flash           Conj/Hex       100%       N/A       1%          3
 Spider Form              Tmut/Pois      46%        N/A       1%          3
 Summon Guardian Golem    Hex/Summ       65%        N/A       1%          3
 Swiftness                Air            74%        N/A       1%          3
 Vampiric Draining        Necr           70%        2d11      1%          3
 Airstrike                Air            37%        2d(6-22)  1%          4
 Anguish                  Hex/Necr       31%        N/A       1%          4
 Animate Dead             Necr           70%        N/A       1%          4
 Ice Form                 Ice/Tmut       100%       N/A       1%          4
 Summon Ice Beast         Ice/Summ       100%       N/A       1%          4
 Agony                    Necr           70%        N/A       1%          5
 Blade Hands              Tmut           32%        N/A       1%          5
 Metabolic Englaciation   Hex/Ice        53%        N/A       1%          5
 Silence                  Hex/Air        32%        N/A       1%          5
 Summon Mana Viper        Hex/Summ       65%        N/A       1%          5
 Conjure Ball Lightning   Conj/Air       37%        3x3d12    1%          6
 Simulacrum               Ice/Necr       56%        N/A       1%          6
 Lesser Beckoning         Tloc           40%        N/A       2%          2
 Petrify                  Tmut/Erth      46%        N/A       3%          4
 Gell's Gravitas          Tloc           20%        N/A       4%          3
 Teleport Other           Tloc           20%        N/A       4%          3
 Olgreb's Toxic Radiance  Pois           20%        N/A       4%          4
 Summon Cactus Giant      Summ           37%        N/A       4%          6
 Summon Forest            Summ/Tloc      27%        N/A       6%          5
 Orb of Destruction       Conj           37%        9d11      6%          7
 Spellforged Servitor     Conj/Summ      37%        N/A       6%          7
 Borgnjor's Vile Clutch   Necr/Erth      25%        N/A       7%          5
 Alistair's Intoxication  Tmut/Pois      30%        N/A       9%          5
 Eringya's Noxious Bog    Tmut/Pois      23%        N/A       13%         6
 Haunt                    Necr/Summ      36%        N/A       26%         7
 Dragon Form              Tmut           32%        N/A       50%         7
 Dispersal                Tloc           10%        N/A       90%         6
 Borgnjor's Revivificati  Necr           35%        N/A       91%         8
 Infestation              Necr           35%        N/A       91%         8
 Necromutation            Tmut/Necr      33%        N/A       96%         8
 Chain Lightning          Conj/Air       37%        3d49      99%         9
 Discord                  Hex            27%        N/A       100%        8
 Disjunction              Tloc           10%        N/A       100%        8
 Death's Door             Necr           35%        N/A       100%        9


Dungeon Overview and Level Annotations

Branches:
Dungeon (15/15)            Temple (1/1) D:6            Lair (5/5) D:8
  Swamp (4/4) Lair:2       Spider (4/4) Lair:2        Slime (0/5) Lair:4
    Orc (2/2) D:10            Elf (3/3) Orc:2        Vaults (4/5) D:14
  Crypt (0/3) Vaults:3     Depths (0/4) D:15

Altars:
Ashenzari
Cheibriados
Dithmenos
Fedhas
Gozag
Hepliaklqana
Kikubaaqudgha
Makhleb
Nemelex Xobeh
Okawaru
Qazlal
Ru
Sif Muna
Trog
Uskayaw
Vehumet
Wu Jian
Xom
Yredelemnul
Jiyva

Shops:
D:1 (   D:2 *   D:6 ?   D:7 (   D:10 *   D:13 *=   D:14 ?   Orc:2 *[((
Elf:2 *?   Vaults:3 [

Annotations:
D:5 2 transporters, ctx's ghost, novice GnEE
D:15 Roxanne
Vaults:2 36 runed doors


Innate Abilities, Weirdness & Mutations

You are completely covered in slimy green scales. (AC +4, rPois)
You sometimes gain a little power by taking damage.
You are robust. (+10% HP)
You are completely covered in sharp spines.
Your touch may irresistibly damage your foes and sap their willpower.
You are dopey. (Int -2)
You passively dampen the noise of your surroundings.


Message History

A great freezing vortex appears around you.
You kill the deep elf demonologist!
Vehumet accepts your kill.
You feel your power returning.
The smoke demon disappears in a puff of smoke!
The deep elf master archer shoots an arrow.
You block the arrow.
The deep elf master archer shoots an arrow.
The arrow hits you!
The deep elf master archer shoots an arrow.
You block the arrow.
The deep elf master archer shoots an arrow.
The arrow hits you!!
The sentinel's mark upon you fades away.
The winds around you start to calm down.
You are engulfed in whirling frost.
You are engulfed in whirling frost.
There is an open translucent door here.
The winds around you calm down.
As you close the door, it creaks loudly!
Something unseen opens the door.
You sense a monster nearby.
A deep elf master archer is nearby!
The deep elf master archer shoots an arrow.
The arrow barely misses you.
The deep elf master archer shoots an arrow.
The arrow misses you.
Casting: Polar Vortex (dangerous; 8% risk of failure)
Confirm with . or Enter, or press ? or * to list all spells.
You feel a surge of power!
A great freezing vortex appears around you.
The deep elf master archer shoots an arrow.
The arrow hits you!!
You focus on the pain.
You feel more agile all of a sudden.
The deep elf master archer shoots an arrow.
The arrow hits you!!
* * * LOW HITPOINT WARNING * * *
The deep elf master archer shoots an arrow.
The arrow hits you!!
You die...

#...........e..............
#...##'###e....############
#...#....).................
#...#......................
#...#.................)....
#...#..)#########..#####...
#...#...#§§§§§..#..#. #...
#...#..[#§§§§§..#..#.. #...
#...#...#§@§§§..#..#.. #...
#...#...§§§§§§..+..#...#...
#...#...#e§§§§..#..#...#...
#...#...#§§§§§..#. #...+...
#...#...#########..#+###.).
#...#.... ..........
#...#.... ..........
#...#..... ..........
#...#################+#####


You could see a deep elf master archer.

Vanquished Creatures
  Mara (Swamp:4)
  2 bone dragons
  Jorgrun (Elf:2)
  2 deep elf blademasters (Elf:3)
  2 sphinxes
  Gastronok (Orc:2)
  3 tentacled starspawn (Abyss:2)
  An ancient champion (Vaults:3)
  Donald (Elf:3)
  A fenstrider witch (Swamp:4)
  A deep elf sorcerer (Elf:3)
  10 vault wardens
  Aizul (Swamp:3)
  5 emperor scorpions
  4 deep elf elementalists (Elf:3)
  A balrug (Abyss:2)
  6 ghost moths
  15 ironbound preservers
  2 war gargoyles
  4 broodmothers
  A very ugly thing (Vaults:3)
  12 ironbound thunderhulks
  A green draconian (Abyss:2)
  4 eleionomae
  5 deep elf annihilators (Elf:3)
  4 deep elf demonologists (Elf:3)
  4 bunyips
  4 spark wasps
  An ettin (Vaults:4)
  3 crystal guardians
  4 dire elephants (Vaults:2)
  7 deep elf death magi
  5 yaktaur captains
  4 great orbs of eyes
  Erolcha (Orc:1)
  A shambling mangrove (Swamp:4)
  6 entropy weavers
  2 deep elf high priests (Elf:3)
  The ghost of Hikues the Blocker, a journeyman GnFi of Okawaru (Orc:1)
  6 hydras
  3 peacekeepers
  A catoblepas (Lair:5)
  14 centaur warriors
  7 radroaches
  5 vault guards
  3 jorogumos
  3 ogre magi
  4 boulder beetles
  4 alligators
  3 ghost crabs (Swamp:2)
  28 dancing weapons
  7 ironbound frosthearts
  15 two-headed ogres
  A death knight (Vaults:3)
  4 death yaks (Lair:5)
  A deep troll shaman (Lair:5)
  4 sun demons (Abyss:2)
  13 spriggans
  2 tengu warriors
  4 thrashing horrors (Abyss:2)
  16 deep elf knights
  Sonja (D:11)
  2 wretched stars (Abyss:2)
  3 sun moths
  11 pharaoh ants
  A sixfirhy (Abyss:2)
  4 goliath frogs
  A deep troll (shapeshifter) (D:14)
  11 orb spiders
  A skeletal warrior (D:12)
  44 deep trolls
  5 swamp dragons
  3 death drakes
  9 bog bodies (Swamp:4)
  6 spriggan druids
  12 ironbound convokers
  6 wizards
  8 deep elf archers
  5 harpies (Vaults:3)
  21 deep elf pyromancers
  4 phantasmal warriors
  4 necromancers
  A bunyip skeleton (Swamp:4)
  18 lindwurms
  A spectral hydra (Swamp:4)
  5 steelbarb worms
  An orc sorcerer (Orc:2)
  33 deep elf zephyrmancers
  7 cyclopes
  25 ugly things
  27 wolf spiders
  3 large abominations (Abyss:2)
  4 manticores
  A human skeleton (Vaults:2)
  6 moths of wrath
  2 will-o-the-wisps (Swamp:3)
  A guardian serpent (Abyss:2)
  3 elephants (Lair:5)
  A molten gargoyle (D:13)
  Maurice (D:9)
  3 cane toads
  An elf zombie (Vaults:2)
  A black mamba (Lair:5)
  7 torpor snails
  8 demonic crawlers
  An ice statue (D:10)
  4 orange demons
  2 gargoyles
  A centaur zombie (D:15)
  A smoke demon (Abyss:2)
  21 yaktaurs
  9 vault sentinels
  An elf skeleton (Vaults:2)
  4 tengu conjurers
  An ancient zyme (Abyss:2)
  A freezing wraith (D:15)
  3 swamp worm zombies (Swamp:4)
  5 hydra zombies (Swamp:4)
  2 meliai (Spider:4)
  10 trolls
  4 blink frogs
  24 tarantellas
  3 bloated husks
  12 hornets
  6 tyrant leeches
  4 spectral swamp dragons (Swamp:4)
  3 dream sheep
  A fire giant simulacrum (Vaults:3)
  A flying skull (Vaults:3)
  An ettin skeleton (Vaults:3)
  6 alligator zombies (Swamp:4)
  18 slime creatures
  31 jumping spiders
  18 culicivoras
  A shadow (D:11)
  A vampire (D:6)
  2 air elementals
  5 water elementals
  6 yaks
  A chaos spawn (Abyss:2)
  3 wraiths
  2 fire elementals
  Grum (D:11)
  A basilisk (D:15)
  60 redbacks
  11 vampire mosquitoes
  4 neqoxecs (Abyss:2)
  16 swamp worms
  3 wargs
  4 water moccasins
  A hornet zombie (Swamp:4)
  7 orc warriors
  An elf simulacrum (Vaults:2)
  A black bear (Lair:5)
  2 swamp dragon zombies (Swamp:4)
  A spriggan simulacrum (Swamp:4)
  A swamp drake (Swamp:1)
  24 ogres
  9 boggarts
  9 wolves
  4 small abominations (Abyss:2)
  6 centaurs
  A swamp dragon skeleton (Swamp:4)
  7 phantoms
  2 kobold brigands
  A bullfrog (Lair:1)
  A gnoll sergeant (D:9)
  3 earth elementals
  2 scorpions (Elf:1)
  A hornet simulacrum (D:15)
  A wight (D:9)
  Dowan (D:6)
  A killer bee (D:10)
  2 howler monkeys
  3 lava snakes (D:13)
  A hound (D:6)
  A quasit (Abyss:2)
  A human simulacrum (Vaults:3)
  10 orc priests
  An iguana (D:5)
  6 starcursed masses (Abyss:2)
  6 orc wizards
  2 spectral swamp drakes (Swamp:4)
  3 hell rats (Lair:2)
  A boggart skeleton (D:15)
  3 gnolls
  3 adders
  A swamp drake zombie (Swamp:4)
  A shadow imp (D:6)
  32 orcs
  A hobgoblin (D:1)
  A jackal (D:1)
  A quokka (D:4)
  3 bats
  10 kobolds
  2 rats
  2 fire vortices (D:13)
  3 starspawn tentacles (Abyss:2)
1110 creatures vanquished.

Vanquished Creatures (collateral kills)
  An orc warlord (Orc:2)
  A dire elephant (Lair:5)
  A hydra (Lair:4)
  A death knight (D:12)
  2 boulder beetles
  2 catoblepae
  11 death yaks (Lair:5)
  A tengu warrior (D:15)
  The ghost of ryw the Transmogrifier, a journeyman DENe of Ru (D:9)
  A skeletal warrior (D:12)
  A bog body (Lair:2)
  A deep elf pyromancer (D:12)
  A cyclops (D:14)
  A manticore (D:14)
  7 ugly things
  3 elephants
  A naga mage (D:15)
  2 black mambas
  7 cane toads
  Maggie (D:9)
  A centaur skeleton (D:15)
  2 rime drakes (Lair:5)
  7 komodo dragons
  3 freezing wraiths
  A troll (D:10)
  3 polar bears
  Prince Ribbit (D:5)
  A meliai zombie (D:15)
  14 blink frogs
  4 dream sheep (Lair:4)
  4 culicivoras (Lair:2)
  A steam dragon (D:6)
  18 yaks
  3 wraiths
  A wyvern (Lair:3)
  3 swamp worms (Lair:2)
  6 water moccasins
  2 ice beasts (D:7)
  5 orc warriors
  An ogre (D:15)
  11 wolves
  A phantom (D:5)
  3 centaurs
  2 kobold brigands (D:7)
  3 bullfrogs
  A necrophage (D:5)
  2 scorpions (D:4)
  3 wights
  2 howler monkeys (D:9)
  An electric eel (Lair:2)
  3 hounds
  3 orc priests
  A gnoll bouda (D:6)
  5 jellies
  4 iguanas
  6 orc wizards
  2 hell rats (Lair:2)
  Natasha (thrice) (D:3)
  15 gnolls
  4 adders
  A shadow imp (D:7)
  2 white imps
  2 ufetubi
  3 worms
  4 dart slugs
  46 orcs
  3 ball pythons
  4 endoplasms
  4 giant cockroaches
  A goblin (D:4)
  6 hobgoblins
  6 jackals
  3 kobolds
  3 quokkas (D:4)
  2 bats
  4 frilled lizards
  5 rats
302 creatures vanquished.

Vanquished Creatures (others)
  2 hydras (Lair:5)
  7 death yaks (Lair:5)
  2 skeletal warriors
  8 elephants
  7 cane toads
  A rime drake (Lair:2)
  3 komodo dragons
  A freezing wraith (D:12)
  2 bloated husks (Swamp:4)
  2 blink frogs
  2 culicivoras (Lair:2)
  A wyvern (Lair:2)
  4 yaks
  A basilisk (Lair:5)
  A swamp worm (Lair:2)
  A water moccasin (Lair:2)
  Duvessa (D:6)
  3 orc warriors (D:8)
  5 wolves
  An ogre (D:4)
  A centaur (D:6)
  A bullfrog (Lair:1)
  A gnoll sergeant (D:5)
  6 wights
  A gnoll (D:4)
  A white imp (D:8)
  7 orcs
  4 bushes (Lair:5)
  2 foxfires (Swamp:3)
  56 fungi
  102 plants
  A starspawn tentacle (Abyss:2)
238 creatures vanquished.

Grand Total: 1650 creatures vanquished

Notes
Turn   | Place    | Note
-------+----------+-------------------------------------------
     0 | D:1      | wormed the Demonspawn Summoner began the quest for the Orb.
     0 | D:1      | Reached XP level 1. HP: 13/13 MP: 3/3
   269 | D:1      | Gained mutation: You are partially covered in sharp spines.
                  | [demonic ancestry]
   269 | D:1      | Reached XP level 2. HP: 19/19 MP: 1/5
   479 | D:1      | Found Azofoorph's Antique Weapon Emporium.
   991 | D:2      | Found Qobott's General Store.
  1089 | D:2      | Reached skill level 1 in Hexes
  1089 | D:2      | Gained mutation: You are partially covered in slimy green
                  | scales. (AC +2) [demonic ancestry]
  1089 | D:2      | Reached XP level 3. HP: 23/24 MP: 2/6
  1093 | D:2      | Learned a level 3 spell: Call Canine Familiar
  1097 | D:2      | Learned a level 3 spell: Summon Guardian Golem
  1287 | D:2      | You fall into a shaft and drop 2 floors!
  1539 | D:4      | Reached XP level 4. HP: 30/30 MP: 3/8
  1679 | D:4      | Found a hazy altar of Hepliaklqana.
  2091 | D:3      | Noticed Natasha
  2113 | D:3      | Killed Natasha
  2161 | D:3      | Reached skill level 5 in Summonings
  2234 | D:3      | Reached XP level 5. HP: 20/35 MP: 1/10
  2638 | D:3      | Noticed Natasha
  2645 | D:3      | Killed Natasha
  2693 | D:3      | Noticed Natasha
  2703 | D:3      | Killed Natasha
  2824 | D:4      | Noticed a phantom
  2855 | D:3      | Learned a level 4 spell: Summon Lightning Spire
  2858 | D:5      | Entered Level 5 of the Dungeon
  2878 | D:5      | Killed a phantom
  2879 | D:5      | Reached XP level 6. HP: 37/41 MP: 7/11
  3071 | D:5      | Found a transporter.
  3392 | D:5      | Gained mutation: Your touch may inflict minor irresistible
                  | damage on your foes. [demonic ancestry]
  3392 | D:5      | Reached XP level 7. HP: 30/46 MP: 0/13
  3519 | D:5      | Found a transporter.
  3520 | D:5      | Noticed ctx's ghost (novice GnEE)
  3727 | D:5      | Noticed Prince Ribbit
  4880 | D:4      | Reached skill level 5 in Hexes
  5162 | D:4      | Reached skill level 1 in Air Magic
  5670 | D:5      | Killed Prince Ribbit
  5671 | D:5      | Reached skill level 5 in Spellcasting
  5671 | D:5      | Reached XP level 8. HP: 52/52 MP: 5/15
  5770 | D:5      | Found a snail-covered altar of Cheibriados.
  6442 | D:6      | Noticed Duvessa
  6448 | D:6      | Killed Duvessa
  6448 | D:6      | Noticed Dowan
  6590 | D:6      | Killed Dowan
  7076 | D:6      | Found a staircase to the Ecumenical Temple.
  7090 | D:6      | Found Zugiceporgh's Magic Scroll Emporium.
  7110 | Temple   | Entered the Ecumenical Temple
  7296 | Temple   | Became a worshipper of Vehumet
  7481 | D:6      | Reached skill level 5 in Air Magic
  7487 | D:6      | Reached XP level 9. HP: 44/57 MP: 13/17
  8608 | D:7      | Found a shimmering altar of Xom.
  8958 | D:7      | Found Fuczu's Weapon Emporium.
  9270 | D:8      | Found a staircase to the Lair.
  9298 | D:8      | Reached * piety under Vehumet
  9298 | D:8      | Offered knowledge of Magic Dart by Vehumet.
 10231 | D:8      | Offered knowledge of Shock by Vehumet.
 10363 | Lair:1   | Entered Level 1 of the Lair of Beasts
 10371 | Lair:1   | Reached ** piety under Vehumet
 10371 | Lair:1   | Noticed a cane toad
 10372 | Lair:1   | Gained mutation: You are mostly covered in sharp spines.
                  | [demonic ancestry]
 10372 | Lair:1   | Reached XP level 10. HP: 59/63 MP: 15/21
 10373 | Lair:1   | Noticed a cane toad
 10381 | Lair:1   | Killed a cane toad
 10388 | Lair:1   | Killed a cane toad
 10562 | Lair:1   | You fall into a shaft and drop 1 floor!
 10617 | Lair:2   | Reached skill level 10 in Summonings
 10839 | Lair:1   | Noticed a cane toad
 10851 | Lair:1   | Killed a cane toad
 11474 | D:6      | Bought a scroll of acquirement for 624 gold pieces
 11474 | D:6      | Acquired a staff of air
 11541 | Lair:2   | Noticed an elephant
 11541 | Lair:2   | Noticed an elephant
 11541 | Lair:2   | Noticed an elephant
 11542 | Lair:2   | Noticed an elephant
 11543 | Lair:2   | Noticed an elephant
 11547 | Lair:2   | Noticed a cane toad
 11549 | Lair:2   | Killed an elephant
 11549 | Lair:2   | Killed an elephant
 11550 | Lair:2   | Reached skill level 10 in Spellcasting
 11550 | Lair:2   | Reached skill level 1 in Fighting
 11550 | Lair:2   | Killed an elephant
 11551 | Lair:2   | Gained mutation: You are mostly covered in slimy green
                  | scales. (AC +3) [demonic ancestry]
 11551 | Lair:2   | Reached XP level 11. HP: 72/72 MP: 12/25
 11796 | Lair:2   | Offered knowledge of Mephitic Cloud by Vehumet.
 12089 | Lair:2   | Reached skill level 5 in Fighting
 12089 | Lair:2   | Reached skill level 5 in Dodging
 12383 | Lair:2   | Reached *** piety under Vehumet
 12666 | Lair:2   | Noticed a bog body
 12675 | Lair:2   | Killed a bog body
 12758 | Lair:2   | Found a staircase to the Swamp.
 12768 | Lair:2   | Acquired 337 gold pieces
 13252 | Lair:2   | Found a hole to the Spider Nest.
 14088 | Lair:3   | Gained mutation: You are completely covered in slimy green
                  | scales. (AC +4, rPois) [demonic ancestry]
 14088 | Lair:3   | Reached XP level 12. HP: 83/91 MP: 14/26
 14177 | Lair:3   | Offered knowledge of Dazzling Flash by Vehumet.
 14682 | Lair:3   | Noticed a catoblepas
 14707 | Lair:3   | Killed a catoblepas
 15109 | Lair:4   | Noticed a boulder beetle
 15119 | Lair:4   | Killed a boulder beetle
 15189 | Lair:4   | Learned a level 5 spell: Irradiate
 15355 | Lair:4   | Found a staircase to the Slime Pits.
 15386 | Lair:4   | Found a viscous altar of Jiyva.
 15486 | Lair:4   | Identified the +1 robe of Amelioration {Fly rN+}
 16303 | Lair:4   | Learned a level 5 spell: Freezing Cloud
 16327 | Lair:5   | Entered Level 5 of the Lair of Beasts
 16343 | Lair:5   | Noticed a death yak
 16343 | Lair:5   | Noticed a death yak
 16344 | Lair:5   | Noticed a death yak
 16344 | Lair:5   | Noticed a death yak
 16345 | Lair:5   | Noticed a death yak
 16356 | Lair:5   | Killed a death yak
 16357 | Lair:5   | Reached skill level 1 in Conjurations
 16470 | Lair:5   | Noticed a four-headed hydra
 16523 | Lair:5   | Reached skill level 1 in Ice Magic
 16527 | Lair:5   | Noticed a four-headed hydra
 16528 | Lair:5   | Killed a four-headed hydra
 16531 | Lair:5   | Reached skill level 2 in Ice Magic
 16531 | Lair:5   | Noticed a four-headed hydra
 16563 | Lair:5   | Noticed a death yak
 16564 | Lair:5   | Noticed a death yak
 16787 | Lair:5   | Noticed a catoblepas
 16819 | Lair:5   | Killed a catoblepas
 16829 | Lair:5   | Reached **** piety under Vehumet
 16860 | Lair:5   | Offered knowledge of Stone Arrow by Vehumet.
 16861 | Lair:5   | Reached skill level 10 in Fighting
 16875 | Lair:5   | Gained mutation: You are robust. (+10% HP) [demonic
                  | ancestry]
 16875 | Lair:5   | Reached XP level 13. HP: 67/113 MP: 4/27
 17413 | Lair:4   | Reached skill level 3 in Ice Magic
 17809 | Lair:5   | Reached skill level 10 in Dodging
 17826 | Lair:5   | Reached skill level 4 in Ice Magic
 18098 | Lair:5   | Reached skill level 5 in Conjurations
 18358 | Lair:5   | Reached skill level 5 in Ice Magic
 18609 | Lair:5   | Reached skill level 6 in Ice Magic
 18618 | Lair:5   | Reached skill level 7 in Ice Magic
 18952 | Lair:5   | Learned a level 7 spell: Ozocubu's Refrigeration
 19083 | Lair:5   | Reached skill level 8 in Ice Magic
 19307 | Lair:5   | Reached XP level 14. HP: 114/121 MP: 14/28
 19335 | Lair:5   | Reached skill level 9 in Ice Magic
 20049 | Lair:5   | Identified the +3 sling "Votod" {drain, rC+}
 20472 | D:9      | Noticed Maggie
 20479 | D:9      | Noticed Maurice
 20481 | D:9      | Killed Maggie
 20486 | D:9      | Killed Maurice
 20654 | D:9      | Found a large runed translucent door.
 20654 | D:9      | Found a large runed translucent door.
 20657 | D:9      | Noticed ryw's ghost (journeyman DENe)
 21213 | D:9      | Killed ryw's ghost
 21214 | D:9      | Reached skill level 10 in Ice Magic
 21416 | D:2      | Bought an amulet of magic regeneration for 420 gold pieces
 21555 | D:10     | Entered Level 10 of the Dungeon
 21555 | D:10     | Found Cideviat's General Store.
 21804 | D:10     | Found an iron altar of Okawaru.
 21902 | D:10     | Reached ***** piety under Vehumet
 21959 | D:10     | Offered knowledge of Flame Wave by Vehumet.
 22008 | D:10     | Found a staircase to the Orcish Mines.
 22325 | D:10     | Learned a level 3 spell: Ozocubu's Armour
 22589 | D:11     | Noticed Grum
 22593 | D:11     | Killed Grum
 22956 | D:11     | Noticed Sonja
 22966 | D:11     | Killed Sonja
 23478 | D:12     | Reached skill level 11 in Ice Magic
 24178 | D:12     | Got the Handbook of the Violent Excursion
 24295 | D:12     | Found a shimmering blue altar of Sif Muna.
 24352 | D:12     | Reached skill level 12 in Ice Magic
 24786 | D:13     | Found Volyxipt's Jewellery Shop.
 24932 | D:13     | Found Siriniex's Assorted Antiques.
 25609 | D:14     | Found a gate to the Vaults.
 25609 | D:14     | Noticed an ironbound preserver
 25636 | D:14     | Killed an ironbound preserver
 25637 | D:14     | Reached skill level 1 in Shields
 25838 | D:14     | Reached XP level 15. HP: 126/126 MP: 26/29
 25884 | D:14     | Found Fup Ociawuqa's Magic Scroll Shop.
 26011 | D:14     | Found a stormy altar of Qazlal.
 26079 | D:14     | Offered knowledge of Lightning Bolt by Vehumet.
 26709 | D:15     | Entered Level 15 of the Dungeon
 26834 | D:15     | Reached skill level 13 in Ice Magic
 27231 | D:15     | Found a staircase to the Depths.
 27293 | D:15     | Noticed Roxanne
 29140 | Orc:1    | Entered Level 1 of the Orcish Mines
 29320 | Orc:2    | Entered Level 2 of the Orcish Mines
 29392 | Orc:2    | Found Xedul's Weapon Shop.
 29394 | Orc:2    | Found Utoow's Weapon Shop.
 29399 | Orc:2    | Reached skill level 5 in Shields
 29429 | Orc:2    | Found Eqity's Armour Shoppe.
 29649 | Orc:2    | Found Beus's Assorted Antiques.
 29934 | Orc:2    | Found a staircase to the Elven Halls.
 30192 | Orc:1    | Noticed Hikues's ghost (journeyman GnFi)
 30192 | Orc:1    | Noticed Gastronok
 30192 | Orc:1    | Noticed Erolcha
 30192 | Orc:1    | Found a runed translucent door.
 30212 | Orc:2    | Killed Gastronok
 30262 | Orc:1    | Killed Erolcha
 30402 | Orc:1    | Killed Hikues's ghost
 30571 | Spider:1 | Entered Level 1 of the Spider Nest
 30615 | Spider:1 | Gained mutation: Your touch may inflict irresistible damage
                  | on your foes. [demonic ancestry]
 30615 | Spider:1 | Reached XP level 16. HP: 134/134 MP: 27/30
 30624 | Spider:1 | Reached skill level 10 in Conjurations
 30877 | Spider:1 | Reached skill level 10 in Air Magic
 30999 | Spider:1 | Reached skill level 14 in Ice Magic
 31028 | Spider:1 | Reached ****** piety under Vehumet
 31043 | Spider:1 | Offered knowledge of Eringya's Noxious Bog by Vehumet.
 32541 | Spider:2 | Reached skill level 15 in Ice Magic
 32954 | Spider:2 | Offered knowledge of Fireball by Vehumet.
 33487 | Spider:3 | Reached skill level 16 in Ice Magic
 33818 | Spider:3 | Reached skill level 1 in Evocations
 33847 | Spider:3 | Reached skill level 1 in Staves
 34982 | Spider:4 | Entered Level 4 of the Spider Nest
 35036 | Spider:4 | Gained mutation: You sometimes gain a little power by
                  | taking damage. [demonic ancestry]
 35036 | Spider:4 | Reached XP level 17. HP: 140/140 MP: 2/31
 35423 | Spider:4 | Offered knowledge of Arcjolt by Vehumet.
 35843 | Spider:4 | Reached skill level 17 in Ice Magic
 35996 | Spider:4 | Identified the +1 leather armour of the Salamander {Str+3
                  | Dex+4 Stlth+}
 36494 | Spider:4 | Learned a level 9 spell: Polar Vortex
 36535 | Spider:4 | Offered knowledge of Yara's Violent Unravelling by Vehumet.
 36536 | Spider:4 | Reached skill level 5 in Evocations
 37132 | Spider:4 | Reached skill level 5 in Staves
 37390 | Spider:4 | Got a gossamer rune of Zot
 37395 | Spider:4 | Identified the +0 hat "Seaseph" {*Corrode Int+8}
 37510 | Spider:4 | Identified the +4 falchion "Ryxzuiv" {drain, *Noise Str+4
                  | Int+4}
 37723 | Swamp:1  | Entered Level 1 of the Swamp
 37749 | Swamp:1  | Identified the +1 scale mail of Parts Unknown {rElec}
 38545 | Swamp:2  | Offered knowledge of Maxwell's Capacitive Coupling by
                  | Vehumet.
 38546 | Swamp:2  | Reached skill level 18 in Ice Magic
 39283 | Swamp:3  | Gained mutation: Your touch may irresistibly damage your
                  | foes and sap their willpower. [demonic ancestry]
 39283 | Swamp:3  | Reached XP level 18. HP: 147/147 MP: 19/32
 39362 | Swamp:3  | Noticed Aizul
 39377 | Swamp:3  | Killed Aizul
 39835 | Swamp:4  | Entered Level 4 of the Swamp
 39876 | Swamp:4  | Paralysed by a fenstrider witch for 3 turns
 39917 | Swamp:4  | Noticed Mara
 39923 | Swamp:4  | Killed Mara
 39923 | Swamp:4  | Offered knowledge of Shatter by Vehumet.
 39923 | Swamp:4  | Offered knowledge of Chain Lightning by Vehumet.
 39923 | Swamp:4  | Offered knowledge of Ignition by Vehumet.
 40401 | Swamp:4  | Found an ancient bone altar of Kikubaaqudgha.
 40409 | Swamp:4  | Got the Grimoire of the Damned
 40977 | Swamp:4  | Noticed a bone dragon
 40991 | Swamp:4  | Killed a bone dragon
 41176 | Swamp:4  | Reached skill level 19 in Ice Magic
 41422 | Swamp:4  | Got a decaying rune of Zot
 41688 | Vaults:1 | Entered Level 1 of the Vaults
 42332 | Vaults:1 | Identified the +1 ring mail "Zash" {rN+}
 42416 | Vaults:1 | Gained mutation: You expend magic power (3 MP) to
                  | strengthen your wands. [mutagenic glow]
 42473 | Vaults:1 | Identified the +9 chain mail of Demons {rC+ Dex+2}
 42716 | Vaults:1 | Found the ring of Shadows {Umbra +Inv Stlth+}
 43549 | Vaults:2 | Reached XP level 19. HP: 127/154 MP: 7/33
 43733 | Vaults:2 | Found a huge runed gate.
 43733 | Vaults:2 | Found a huge runed gate.
 43733 | Vaults:2 | Found a huge runed gate.
 43733 | Vaults:2 | Found a huge runed gate.
 43735 | Vaults:2 | Found a huge runed gate.
 43736 | Vaults:2 | Found a huge runed gate.
 43738 | Vaults:2 | Found a huge runed gate.
 43738 | Vaults:2 | Found a huge runed gate.
 43739 | Vaults:2 | Found a huge runed gate.
 43739 | Vaults:2 | Found a huge runed gate.
 43798 | Vaults:2 | Found a huge runed gate.
 43798 | Vaults:2 | Found a huge runed gate.
 43798 | Vaults:2 | Found a huge runed gate.
 43798 | Vaults:2 | Found a huge runed gate.
 43798 | Vaults:2 | Found a huge runed gate.
 43798 | Vaults:2 | Found a huge runed gate.
 43799 | Vaults:2 | Found a huge runed gate.
 43800 | Vaults:2 | Found a huge runed gate.
 43801 | Vaults:2 | Found a huge runed gate.
 43805 | Vaults:2 | Got the Volume of Cooperative Destruction
 43811 | Vaults:2 | Found a huge runed gate.
 43811 | Vaults:2 | Found a huge runed gate.
 43811 | Vaults:2 | Found a huge runed gate.
 43811 | Vaults:2 | Found a huge runed gate.
 43811 | Vaults:2 | Found a huge runed gate.
 43811 | Vaults:2 | Found a huge runed gate.
 43812 | Vaults:2 | Found a huge runed gate.
 43813 | Vaults:2 | Found a huge runed gate.
 43814 | Vaults:2 | Found a huge runed gate.
 44315 | Vaults:2 | Reached skill level 20 in Ice Magic
 44517 | Vaults:2 | Reached skill level 10 in Evocations
 44957 | Vaults:2 | Found a huge runed gate.
 44957 | Vaults:2 | Found a huge runed gate.
 44957 | Vaults:2 | Found a huge runed gate.
 44957 | Vaults:2 | Found a huge runed gate.
 44957 | Vaults:2 | Found a huge runed gate.
 44957 | Vaults:2 | Found a huge runed gate.
 44958 | Vaults:2 | Found a huge runed gate.
 44965 | Vaults:2 | Found a huge runed gate.
 45533 | Vaults:3 | Acquired the +5 buckler of Fedhas's Respect {Int+3}
 45728 | Vaults:3 | Reached skill level 10 in Staves
 45734 | Vaults:3 | Found Saxetir's Armour Emporium.
 46133 | Vaults:3 | Found a staircase to the Crypt.
 46661 | Vaults:4 | Reached skill level 21 in Ice Magic
 46661 | Vaults:4 | Gained mutation: You are completely covered in sharp
                  | spines. [demonic ancestry]
 46661 | Vaults:4 | Reached XP level 20. HP: 50/161 MP: 32/34
 47064 | Abyss:2  | Found a corrupted altar of Lugonu.
 47064 | Abyss:2  | Cast into level 2 of the Abyss (a wizard)
 47075 | Abyss:2  | Gained mutation: Your magical capacity is low. (-10% MP) [a
                  | neqoxec]
 47076 | Abyss:2  | Gained mutation: You are dopey. (Int -2) [a neqoxec]
 47082 | Abyss:2  | Gained mutation: You are vulnerable to heat. (rF-) [a
                  | neqoxec]
 47181 | Abyss:2  | Found a corrupted altar of Lugonu.
 47344 | Abyss:2  | Found a corrupted altar of Lugonu.
 47402 | Abyss:2  | Found a corrupted altar of Lugonu.
 47516 | Abyss:2  | Noticed a bone dragon
 47532 | Abyss:2  | Killed a bone dragon
 47584 | Abyss:2  | Paralysed by accursed screaming for 1 turns
 47691 | Vaults:4 | Escaped the Abyss
 47973 | Vaults:4 | Reached skill level 1 in Necromancy
 47973 | Vaults:4 | Reached skill level 1 in Transmutations
 48322 | Vaults:4 | Paralysed by a great orb of eyes for 4 turns
 49032 | Elf:1    | Entered Level 1 of the Elven Halls
 49639 | Elf:1    | Reached skill level 5 in Necromancy
 50033 | Elf:1    | Paralysed by an air elemental for 1 turns
 50318 | Elf:1    | Lost mutation: You expend magic power (3 MP) to strengthen
                  | your wands. [potion of mutation]
 50318 | Elf:1    | Lost mutation: You are vulnerable to heat. (rF-) [potion of
                  | mutation]
 50318 | Elf:1    | Lost mutation: Your magical capacity is low. (-10% MP)
                  | [potion of mutation]
 50318 | Elf:1    | Gained mutation: You passively dampen the noise of your
                  | surroundings. [potion of mutation]
 50391 | Elf:2    | Noticed Jorgrun
 50394 | Elf:2    | Killed Jorgrun
 50395 | Elf:2    | Found Tuysuo Rulan's Magic Scroll Shop.
 50396 | Elf:2    | Found Aruirghim's Assorted Antiques.
 50428 | Elf:2    | Bought a smoky white potion for 23 gold pieces
 50551 | Elf:2    | Reached skill level 5 in Transmutations
 50643 | Elf:2    | Found a runed translucent gate.
 50644 | Elf:2    | Found a runed translucent gate.
 50645 | Elf:2    | Found a runed translucent gate.
 50987 | Elf:2    | Reached XP level 21. HP: 168/168 MP: 28/36
 51178 | Elf:2    | Acquired 896 gold pieces
 51212 | Elf:3    | Entered Level 3 of the Elven Halls
 51329 | Elf:3    | Paralysed by an air elemental for 1 turns
 51396 | Elf:3    | Identified the amulet of Linearity {Regen+ Stlth+}
 52301 | Elf:3    | Noticed Donald
 52314 | Elf:3    | Killed Donald
 52341 | Elf:3    | Identified the ring "Astrosol" {AC+4 Int+2 SInv}
 52372 | Elf:3    | Shot with an arrow by a deep elf master archer

Illustrated notes

Levels and vault maps discovered:
D:1:      heliophobic_arrival_henge, layout_loops_ring, serial_shops,
          nicolae_shop_statue_plus
D:2:      layout_loops_ring, serial_shops, nicolae_shop_hallway_stairs
D:3:      layout_rooms, minmay_quantized, uniq_natasha
D:4:      layout_cave_pools, minmay_ruined_shrine
D:5:      layout_basic, mainiacjoe_overflow_surrounded_room,
          gammafunk_ghost_hive, uniq_prince_ribbit1
D:6:      layout_loops_cross, mainiacjoe_overflow_paths, temple_fountains,
          serial_shops, shop_scrolls, uniq_duvessa
D:7:      layout_rooms, mainiacjoe_overflow_concentric_impassable, serial_shops,
          kennysheep_mini, serial_glass, glass_columns_b, glass_columns_a,
          kennysheep_generic_room_11
D:8:      layout_loops_cross, lair_entry_dummy, special_room [special_room_orc]
D:9:      layout_small_grid, ebering_ghost_disaster_area, uniq_maggie,
          uniq_harold, uniq_maurice
D:10:     lemuel_ice_statue, layout_irregular_city,
          mainiacjoe_overflow_boulevard, hiddenorc1_lemuel, serial_shops, shop,
          st_stairs_4
D:11:     layout_basic, dreamdust_mushroom_princess, uniq_grum, uniq_sonja
D:12:     layout_stronghold, nicolae_sif_muna_condensation
D:13:     layout_basic, serial_shops, nicolae_shop_behind_doors,
          nicolae_shop_stone
D:14:     layout_gridville, skrybe_vaults_entry_preservation,
          minmay_misc_feat_tiny, serial_shops, shop, grunt_qazlal_clouds
D:15:     grunt_enter_depths_magical_seal, layout_layer_cave,
          nicolae_tso_swordbearing_angel, portal_ice_cave_entry_frozen_things,
          hangedman_decor_diamond_cutter, uniq_roxanne
Temple:   eino_narrow_crystal_temple
Lair:1:   layout_misc_corridors, nicolae_volcano_entry_s_turn,
          grunt_megastairs_2
Lair:2:   layout_regular_city, nicolae_swamp_entry_splash_gauntlet,
          hellmonk_spider_entry_life_and_decay
Lair:3:   layout_regular_city, cheibrodos_lair_reptile_den
Lair:4:   layout_cave_pods, nicolae_slime_entry_field_trip
Lair:5:   grunt_lair_end_beastmaster, layout_regular_city,
          nicolae_lair_yak_garden, serial_bayou_shore_b, grunt_megastairs_1
Swamp:1:  layout_basic_swamp, hangedman_swamp_pad, infiniplex_staircase_pool_2
Swamp:2:  layout_falls_marsh, evilmike_swamp_ruin_wall, swamp_pool1,
          infiniplex_staircase_pool
Swamp:3:  layout_falls_marsh, evilmike_swamp_ruin_house_3, uniq_aizul
Swamp:4:  swamp_pestilence, layout_basic_swamp, beargit_kiku_chapel, uniq_mara
Spider:1: layout_spider_delve, drop_trap, nicolae_spider_not_touching_you
Spider:2: layout_spider_delve, drop_trap, nicolae_spider_bug_shape
Spider:3: layout_spider_delve
Spider:4: grunt_spider_rune_parallel, nicolae_spider_jagged_tunnels
Orc:1:    layout_diamond_mine, gammafunk_ghost_grave, uniq_gastronok,
          uniq_erolcha
Orc:2:    st_orc_open, layout_caves
Elf:1:    elf_arrival_001, layout_onion_city,
          hangedman_elven_crosses_minicolossus, st_stairs_12,
          small_statue_intersection, einodemon_barbed_minivault
Elf:2:    nicolae_elf_blades_splatter_lattice [mumra_blade_entry_bloodbath],
          layout_gridlike, minmay_shoptagon, uniq_jorgrun
Elf:3:    elf_hall, layout_onion_city, uniq_donald
Vaults:1: nicolae_vaults_network_s, nicolae_vaults_angled_halls,
          ontoclasm_vaults_twist, vaults_room_grunt_arrival_ludios,
          nicolae_vaults_border_crossing, nicolae_vaults_little_squares_6,
          dpeg_vaults_monster_box, layout_vaults_quadrants
Vaults:2: nicolae_vaults_puzzle_piece, v_misc_5, v_misc_4,
          ontoclasm_vaults_ring_small, door_vault, hangedman_vaults_slice,
          hangedman_vaults_trim, nicolae_vaults_network_square, v_misc_16,
          ontoclasm_vaults_pinch, layout_vaults_omnicross
Vaults:3: v_misc_16, nicolae_vaults_an_arrangement,
          nicolae_vaults_circle_grid_a, vaults_dpeg_diagonal, vaults_room_pool,
          vaults_room_fancy_cross, minmay_crypt_entry_simple_box,
          vaults_dpeg_encased_lava, nicolae_vaults_theta,
          layout_vaults_big_room, serial_shops, shop
Vaults:4: nicolae_vaults_network_quinsquares
          [nicolae_vaults_network_quincunx_subvault,
          nicolae_vaults_network_quincunx_subvault,
          nicolae_vaults_network_quincunx_subvault,
          nicolae_vaults_network_quincunx_subvault],
          nicolae_vaults_yaktaur_gun_rack, nicolae_vaults_specimen_jars,
          vaults_room_stairs_pillars, ontoclasm_vaults_chip,
          nicolae_vaults_little_squares_1, ontoclasm_vaults_fault,
          nicolae_vaults_murderbox, v_misc_33, layout_vaults_ring

Skill      XL: |  1  2  3  4  5  6  7  8  9 10 11 12 13 14 15 16 17 18 19 20 21 |
---------------+----------------------------------------------------------------+-----
Hexes          | 1 2 3 4 5 |  5.0
Spellcasting   | 3 4 5 7 10 11 | 11.9
Summonings     | 5 6 7 8 10 | 10.0
Air Magic      | 2 5 7 9 10 | 10.0
Fighting       | 2 7 10 | 10.0
Dodging        | 2 7 9 10 | 10.0
Conjurations   | 3 7 9 10 | 10.0
Ice Magic      | 2 8 12 13 16 18 19 21 | 21.0
Shields        | 1 5 |  5.0
Evocations     | 2 6 9 11 12 | 12.0
Staves         | 2 6 8 10 12 | 12.0
Necromancy     | 6 8 |  8.9
Transmutations | 5 7 |  7.4
Stealth        | |  1.7

Action                   |  1- 3 |  4- 6 |  7- 9 | 10-12 | 13-15 | 16-18 | 19-21 || total
-------------------------+-------+-------+-------+-------+-------+-------+-------++-------
Melee: Unarmed           |    47 |    51 |    21 |       |    23 |       |       ||   142
       Punch             |       |     1 |       |     1 |     2 |       |       ||     4
       Touch             |       |       |    14 |    14 |    34 |       |       ||    62
       Dagger            |       |       |    32 |    12 |       |       |       ||    44
       Staff             |       |       |       |    62 |   187 |   298 |   137 ||   684
Throw: Throwing net      |       |       |       |       |       |     1 |       ||     1
 Cast: Summon Small Mamm |    35 |    17 |    14 |     8 |     1 |       |       ||    75
       Call Canine Famil |     5 |    29 |    45 |    47 |    27 |     1 |       ||   154
       Summon Guardian G |     1 |     3 |    36 |    51 |    34 |     1 |       ||   126
       Summon Lightning  |       |       |    20 |    48 |   103 |     7 |       ||   178
       Freezing Cloud    |       |       |       |       |   207 |   162 |     1 ||   370
       Ozocubu's Armour  |       |       |       |       |    12 |     8 |       ||    20
       Irradiate         |       |       |       |       |     6 |    20 |     2 ||    28
       Ozocubu's Refrige |       |       |       |       |    46 |   445 |   139 ||   630
       Polar Vortex      |       |       |       |       |       |    20 |   128 ||   148
Evoke: Wand              |       |       |     1 |       |       |    56 |       ||    57
  Use: Potion            |     1 |     1 |     2 |     4 |     1 |    11 |     6 ||    26
       Scroll            |     6 |     3 |    16 |     9 |     6 |    14 |     7 ||    61
 Stab: Distracted        |       |     2 |       |       |     4 |       |       ||     6
       Sleeping          |       |       |       |     1 |       |       |       ||     1
Armor: Robe              |     7 |    14 |    18 |     7 |    31 |       |       ||    77
       Steam dragon scal |       |       |     5 |    25 |       |       |       ||    30
       Troll leather arm |       |       |       |       |    85 |   230 |    64 ||   379
Dodge: Dodged            |    33 |    21 |    64 |    89 |   250 |   398 |   175 ||  1030
Block: Buckler           |       |       |       |       |    61 |   215 |   138 ||   414

Table legend: (Time is in decaauts)
 A = Elapsed time spent in this place.
 B = Non-inter-level travel time spent in this place.
 C = Inter-level travel time spent in this place.
 D = Time resting spent in this place.
 E = Time spent auto-exploring this place.
 F = Levels seen in this place.
 G = Mean time per level.
                   A        B        C        D        E       F      G
               +--------+--------+--------+--------+--------+-----+--------+
         Total |  52529 |  48881 |   3648 |   3194 |  35559 |  39 | 1346.9 |
       Dungeon |  19364 |  17530 |   1834 |    851 |  12874 |  15 | 1290.9 |
        Temple |    201 |    174 |     27 |      0 |    162 |   1 |  201.0 |
          Lair |  10149 |   9446 |    703 |   1395 |   6268 |   5 | 2029.8 |
         Swamp |   3806 |   3625 |    181 |     31 |   2820 |   4 |  951.5 |
   Spider Nest |   7141 |   6798 |    343 |    730 |   4811 |   4 | 1785.2 |
  Orcish Mines |   1441 |   1245 |    196 |      0 |    925 |   2 |  720.5 |
   Elven Halls |   3322 |   3208 |    114 |      0 |   2405 |   3 | 1107.3 |
        Vaults |   6470 |   6222 |    248 |    187 |   4987 |   4 | 1617.5 |
         Abyss |    633 |    633 |      0 |      0 |    305 |   1 |  633.0 |
               +--------+--------+--------+--------+--------+-----+--------+

Top non-repeatable levels by time:
  Lair:5: 3132 daAuts
     D:5: 2532 daAuts
  Lair:2: 2472 daAuts
    D:15: 2323 daAuts
  Lair:4: 2227 daAuts
Spider:4: 2204 daAuts
Vaults:1: 1920 daAuts
Spider:3: 1723 daAuts
Spider:2: 1686 daAuts
 Swamp:4: 1636 daAuts
Vaults:3: 1567 daAuts
Vaults:2: 1560 daAuts
Spider:1: 1527 daAuts
  Lair:3: 1454 daAuts
     D:6: 1440 daAuts
